 Dungeon Crawl Stone Soup version 0.23-a0-650-ga4d50d4 (webtiles) character file.

106 Lanoc the Slasher (level 5, -5/42 HPs)
             Began as a Formicid Monk on Jan 6, 2019.
             Killed by nerve-wracking pain
             ... invoked by an orc priest
              (13 damage)
             ... on level 3 of the Dungeon.
             The game lasted 00:03:14 (1366 turns).

Lanoc the Slasher (Formicid Monk)                   Turns: 1366, Time: 00:03:15

Health: -5/42      AC:  8    Str: 17    XL:     5   Next: 10%
Magic:  5/5        EV: 11    Int:  9    God:
Gold:   54         SH:  0    Dex: 13    Spells: 4/4 levels left

rFire    . . .     SeeInvis +   a - +0 falchion
rCold    . . .     Gourm    .   (no shield)
rNeg     . . .     Faith    .   g - +0 scale mail
rPois    +         Spirit   .   (helmet unavailable)
rElec    .         Reflect  .   (no cloak)
rCorr    .         Harm     .   (no gloves)
MR       .....                  (no boots)
Stlth    +.........             (no amulet)
HPRegen  0.14/turn              (no ring)
MPRegen  0.09/turn              (no ring)

@: no status effects
A: permanent stasis, dig shafts and tunnels, four strong arms, antennae 3, icy
blue scales 1, poison resistance, wild magic 1, no potion heal 1
a: Dig, Shaft Self


You were on level 3 of the Dungeon.
You were not hungry.

You visited 1 branch of the dungeon, and saw 3 of its levels.

You collected 54 gold pieces.

Inventory:

Hand Weapons
 a - a +0 falchion (weapon)
Armour
 g - a +0 scale mail (worn)
Wands
 f - a wand of polymorph (10)
Scrolls
 d - a scroll of enchant armour {unknown}
 e - a scroll of identify {unknown}
Comestibles
 b - a chunk of flesh
 c - 4 rations


   Skills:
 + Level 3.9 Fighting
 * Level 4.1 Long Blades
 + Level 1.8 Armour
 + Level 3.2 Dodging
 - Level 2.4 Stealth


You had 4 spell levels left.
You didn't know any spells.
Your spell library was empty.

Dungeon Overview and Level Annotations

Branches:
Dungeon (3/15)

Altars:
Cheibriados
Fedhas
Zin


Innate Abilities, Weirdness & Mutations

You cannot be hasted, slowed, berserked, paralysed or teleported.
You can dig through walls and to a lower floor.
Your four strong arms can wield two-handed weapons with a shield.
You have a pair of large antennae on your head. (SInv)
You are partially covered in icy blue scales. (AC +2)
Your system is resistant to poisons. (rPois)
Your spells are a little harder to cast, but a little more powerful.
Potions are less effective at restoring your health.


Message History

An orc warrior comes into view. It is wielding a +0 trident.
The orc priest invokes the aid of Beogh against you.
Beogh smites you!
* * * LOW HITPOINT WARNING * * *
The orc warrior throws a stone.
The stone hits you.
* * * LOW HITPOINT WARNING * * *
You see here a stone.
You are too injured to fight recklessly!
You aren't carrying any potions.
The orc warrior throws a stone.
The stone hits you.
* * * LOW HITPOINT WARNING * * *
Things that are here:
a stone; a poisoned needle You see here a poisoned needle.
The orc priest mumbles some strange prayers to Beogh against you.
You struggle to resist.
You see here a poisoned needle.
The orc priest mumbles some strange prayers to Beogh against you.
Pain shoots through your body!
You die...

#.##..# #..........###.#
#.##..###......>.##..###
#.......#........#_...#
#................P...[###
#.......#........#_.⌠.'.#
#.......#.####.###P.P.#.#
#.......#......###_...#.###
#.......(..oo....P#P.##...#
.......(##.#.###@#.#.#.#.#.#
###..#o.##{#.###<#####..##
.# ###.).o................##
.# .##.##.(##.#.###.####.##
.# .##.##.)......##.# ##.# #
....##...........# #.#
.###########.##### #.. ..
..# #.# .# ..### #.#


You could see an orc priest and an orc wizard.

Vanquished Creatures
  Jessica (D:2)
  Terence (D:2)
  A gnoll (D:1)
  2 adder zombies (D:1)
  3 worms
  An orc (D:3)
  2 ball pythons (D:1)
  2 bats
  A giant cockroach (D:1)
  4 goblins (D:1)
  3 hobgoblins (D:1)
  3 kobolds
  A quokka (D:2)
  2 frilled lizards (D:1)
27 creatures vanquished.

Notes
Turn   | Place    | Note
-------+----------+-------------------------------------------
     0 | D:1      | Lanoc the Formicid Monk began the quest for the Orb.
     0 | D:1      | Reached XP level 1. HP: 18/18 MP: 1/1
    26 | D:1      | Reached XP level 2. HP: 24/24 MP: 2/2
   199 | D:1      | Reached skill level 1 in Armour
   199 | D:1      | Reached XP level 3. HP: 21/29 MP: 3/3
   245 | D:1      | Gained mutation: You are frail. (-10% HP) [potion of
                  | mutation]
   245 | D:1      | Gained mutation: Armour fits poorly on your strangely
                  | shaped body. [potion of mutation]
   245 | D:1      | Gained mutation: Your movements are slightly less
                  | encumbered by armour. (ER -2) [potion of mutation]
   251 | D:1      | Lost mutation: You are frail. (-10% HP) [potion of
                  | mutation]
   251 | D:1      | Lost mutation: Your movements are slightly less encumbered
                  | by armour. (ER -2) [potion of mutation]
   251 | D:1      | Lost mutation: Armour fits poorly on your strangely shaped
                  | body. [potion of mutation]
   251 | D:1      | Gained mutation: Your system is resistant to poisons.
                  | (rPois) [potion of mutation]
   251 | D:1      | Gained mutation: You are partially covered in icy blue
                  | scales. (AC +2) [potion of mutation]
   251 | D:1      | Gained mutation: Potions are less effective at restoring
                  | your health. [potion of mutation]
   251 | D:1      | Gained mutation: Your spells are a little harder to cast,
                  | but a little more powerful. [potion of mutation]
   301 | D:2      | Noticed Jessica
   547 | D:2      | Killed Jessica
   547 | D:2      | Reached XP level 4. HP: 28/37 MP: 4/4
   893 | D:2      | Noticed Terence
   918 | D:2      | Killed Terence
   918 | D:2      | Reached skill level 4 in Long Blades
   918 | D:2      | Reached XP level 5. HP: 2/42 MP: 5/5
  1173 | D:3      | Found a snail-covered altar of Cheibriados.
  1184 | D:3      | Found a blossoming altar of Fedhas.
  1184 | D:3      | Found a glowing silver altar of Zin.
  1353 | D:3      | Noticed an orc warrior
  1366 | D:3      | Killed from afar by an orc priest

Vault maps used:
D:1:      saegor_arrival_fortress, minmay_misc_feat_room, nemelex_altar_shiori
D:2:      uniq_terence, uniq_jessica
D:3:      gammafunk_temple_overflow_forgotten, first_ration,
          minmay_ogre_servants

Skill      XL: |  1  2  3  4 |
---------------+-------------+-----
Armour         | 1 |  1.8
Dodging        | 3 |  3.2
Long Blades    | 4 |  4.1
Fighting       | |  3.9
Stealth        | |  2.4

Action                   |  1- 3 |  4- 6 || total
-------------------------+-------+-------++-------
Melee: Falchion          |    53 |    60 ||   113
  Use: Potion            |     2 |       ||     2
 Stab: Sleeping          |     3 |       ||     3
  Eat: Chunk             |       |     2 ||     2
Armor: Robe              |    13 |     2 ||    15
       Scale mail        |       |     3 ||     3
Dodge: Dodged            |    32 |    29 ||    61
       Rpst.: Falchion   |    12 |    12 ||    24

Table legend:
 A = Non-vault XP
 B = Vault XP
 C = Vault XP percentage of total XP
 D = Non-vault monster count
 E = Vault monster count
 F = Vault count percentage of total count
                 A         B        C        D         E       F
            +---------+---------+-------+---------+---------+-------
      Total |      67 |      85 |  55.9 |      23 |       4 |  14.8
            +---------+---------+-------+---------+---------+-------
        D:1 |      43 |      12 |  21.8 |      16 |       2 |  11.1
        D:2 |      14 |      73 |  83.9 |       4 |       2 |  33.3
        D:3 |      10 |       0 |   0.0 |       3 |       0 |   0.0
            +---------+---------+-------+---------+---------+-------
